Unix NetHack Version 5.0.0-0 post-release - last build May 23 2026 06:08:33 (1c0ff79ee797540d5714e4e18072db0edd9e58ae,branch:main).

Game began 2026-05-24 15:24:05, ended 2026-05-24 15:38:02.

IanCurtis, chaotic male elven Wizard

                                    --------
                                    |.^..{.|
                                    |......|
                #                   |.<....|
          ------|---                |......|
          |........|                --|-----
          |........|                  #                      #
          |........-#                 #                      #        #
          |........|#                 #                     #############a@
          |........|### -----         #                      #      ------|--
          |.[......|  # |...|         #                      #      |.....f.|
          ----------  ##-...-###    ###               ########      |.....^.|
                        |...|  #    #               ###             |.....*.|
                        |...|  ### -|--------       #               |..._...|
                        |...|    # |........|       #               |.......|
                        |...|    ##-.......>|       #               ---------
                        -----    # |........|       #
                                 ##.........-########
                                   ----------

IanCurtis the Conjurer    St:7 Dx:13 Co:16 In:20 Wi:8 Ch:11  Chaotic
Dlvl:5  $:31 HP:0(23) Pw:5(27) AC:8  Xp:3 T:1699 

Latest messages:
 The boulder falls apart.
 You see here 46 rocks.
 There is a giant rat corpse here; eat it? [ynq] (n) y
 This giant rat corpse tastes okay.
 The kitten picks up a rock.
 You finish eating the giant rat corpse.
 There is a jackal corpse here; eat it? [ynq] (n) y
 This jackal corpse tastes terrible!
 You finish eating the jackal corpse.
 You feel a wrenching sensation.
 You cannot drop something you are wearing.
 A brilliant blue potion lands on the altar.
 A puce potion lands on the altar.
 What do you want to take off? [bB or ?*] B
 The kitten drops a rock.
 You finish taking off your helm.
 What do you want to drop? [$a-qB or ?*] B
 A +0 iron skull cap lands on the altar.
 The kitten misses the giant ant.
 B - an uncursed +0 iron skull cap.
 z - an uncursed brilliant blue potion.
 v - an uncursed puce potion.
 The giant ant bites!
 What do you want to wear? [B or ?*] B
 The giant ant bites!
 You finish your dressing maneuver.
 In what direction? k
 The spell misses the giant ant.
 The giant ant bites!
 In what direction? k
 The spell hits the giant ant!
 The giant ant bites!
 You kill the giant ant!
 You see here 45 rocks.
 You miss the giant ant.
 The giant ant bites!
 You miss the giant ant.
 The giant ant bites!
 You miss the giant ant.
 The giant ant bites!
 The giant ant bites!
 In what direction? h
 The spell misses the giant ant.
 The giant ant bites!
 In what direction? h
 The spell hits the giant ant.
 The giant ant bites!
 The giant ant bites!
 You die...
 Do you want your possessions identified? [ynq] (y) q

Inventory:
 Coins    ('$')
  $ - 31 gold pieces
 Weapons  (')')
  a - a blessed +1 quarterstaff (weapon in hands)
 Armor    ('[')
  B - an uncursed +0 orcish helm (being worn)
  b - an uncursed +0 cloak of magic resistance (being worn)
 Scrolls  ('?')
  q - a blessed scroll of amnesia
  j - a blessed scroll of create monster
  p - a cursed scroll of destroy armor
  i - an uncursed scroll of earth
  k - an uncursed scroll of magic mapping
 Spellbooks  ('+')
  l - a blessed spellbook of force bolt
  m - an uncursed spellbook of wizard lock
 Potions  ('!')
  g - an uncursed potion of healing
  v - an uncursed potion of invisibility
  f - an uncursed potion of restore ability
  z - an uncursed potion of see invisible
  h - an uncursed potion of sleeping
 Rings    ('=')
  d - an uncursed ring of shock resistance
  e - an uncursed ring of sustain ability
 Wands    ('/')
  c - a wand of teleportation (0:5)
 Tools    ('(')
  o - an uncursed wooden flute
  n - a magic marker (0:20)

IanCurtis the Wizard's attributes:

Background:
 You were a Conjurer, a level 3 male elven Wizard.
 You were chaotic, on a mission for Anhur
 who was opposed by Ptah (lawful) and Thoth (neutral).
 You were right-handed.
 You were in the Dungeons of Doom, on level 5.
 You entered the dungeon 1699 turns ago.
 You had 55 experience points, 25 more were needed to attain level 4.

Basics:
 You had 0 out of 23 hit points.
 You had 5 out of 27 energy points (spell power).
 Your armor class was 8.
 Your wallet contained 31 zorkmids.
 Autopickup was off.

Final Characteristics:
 Your strength was 7 (limit:18).
 Your dexterity was 13 (limit:18).
 Your constitution was 16 (limit:16).
 Your intelligence was 20 (limit:20).
 Your wisdom was 8 (limit:20).
 Your charisma was 11 (limit:18).

Final Status:
 You weren't hungry.
 You were unencumbered.
 You were wielding a quarterstaff.
 You had basic skill with quarterstaff.

Final Attributes:
 You were devoutly aligned.
 You were magic-protected.
 You had infravision.
 You were warded.
 You are dead.

Miscellaneous:
 You didn't encounter any bones levels.
 Total elapsed playing time was 13 minutes and 57 seconds.

Major events:
 Turn
    1: IanCurtis the chaotic male elven Wizard entered the dungeon
 1362: attained the rank of Conjurer (level 3)
 1699: killed by a giant ant

Spells:
 Name                 Level Category     Fail Retention
 force bolt             1   attack         0%  91%-100%
 wizard lock            2   matter        44%  76%-100%

Skills:
 Fighting Skills
   bare handed combat [Unskilled]
   riding             [Unskilled]
 Weapon Skills
   dagger             [Unskilled]
   knife              [Unskilled]
   axe                [Unskilled]
   short sword        [Unskilled]
   club               [Unskilled]
   mace               [Unskilled]
   quarterstaff       [Basic]
   polearms           [Unskilled]
   spear              [Unskilled]
   trident            [Unskilled]
   sling              [Unskilled]
   dart               [Unskilled]
   shuriken           [Unskilled]
 Spellcasting Skills
   attack spells      [Basic]
   healing spells     [Unskilled]
   divination spells  [Unskilled]
   enchantment spells [Basic]
   clerical spells    [Unskilled]
   escape spells      [Unskilled]
   matter spells      [Unskilled]

Voluntary challenges:
 Character rerolling was not enabled.
 You were illiterate.
 You never genocided any monsters.
 You never polymorphed an object.
 You never changed form.
 You used no wishes.
Achievements:
 You entered a shop.
 You attained the rank of Conjurer.

 The Dungeons of Doom: levels 1 to 5
    Level 1:
       A fountain, a sink, many trees.
    Level 2:
    Level 3:
       A food shop, an altar.
    Level 4: "vault"
    Level 5: <- You were here.
       An altar, a fountain.
       Final resting place for
          you, killed by a giant ant.


Vanquished creatures:
  a giant ant
  a kitten
  a dwarf zombie
  2 coyotes
  a giant rat
  5 geckos
  4 jackals
  a fox
  2 goblins
  3 sewer rats
  a grid bug
  a lichen
  6 newts
29 creatures vanquished.

No species were genocided or became extinct.

Game over:
                       ----------
                      /          \
                     /    REST    \
                    /      IN      \
                   /     PEACE      \
                  /                  \
                  |    IanCurtis     |
                  |      31 Au       |
                  |   killed by a    |
                  |    giant ant     |
                  |                  |
                  |                  |
                  |       2026       |
                 *|     *  *  *      | *
        _________)/\\_//(\/(/\)/\//\/|_)_______

Goodbye IanCurtis the Wizard...

You died in The Dungeons of Doom on dungeon level 5 with 448 points,
and 31 pieces of gold, after 1699 moves.
You were level 3 with a maximum of 23 hit points when you died.

